 Dungeon Crawl Stone Soup version 0.16-a0-3049-g2a447e9 (webtiles) character file.

33 Chiseanne the Skirmisher (level 3, -5/31 HPs)
             Began as a Demonspawn Wanderer on Dec 9, 2014.
             Slain by a gnoll
             ... wielding a +0 spear
              (8 damage)
             ... on level 2 of the Dungeon.
             The game lasted 00:04:49 (1216 turns).

Chiseanne the Skirmisher (Demonspawn Wanderer)      Turns: 1216, Time: 00:04:49

Health: -5/31      AC:  5    Str: 11    XL:     3   Next: 12%
Magic:  0/3        EV: 10    Int: 15    God:
Gold:   85         SH:  0    Dex: 12    Spells: 0 memorised, 2 levels left

rFire  . . .     SeeInvis .     m - +0 dagger
rCold  . . .     Clarity  .     b - +0 ring mail
rNeg   . . .     SustAb   .     (no shield)
rPois  .         Gourm    .     (helmet restricted)
rElec  .         Spirit   +     (no cloak)
rCorr  .         Warding  .     (no gloves)
rMut   .         Stasis   .     (no boots)
MR     .....                    (no amulet)
Stlth  +.........               (no ring)
                                (no ring)

@: very slightly contaminated, hasted and slowed, invisible, not resistant to
hostile enchantments, very unstealthy
A: horns 1, magic shield
a: no special abilities


You were on level 2 of the Dungeon.
You were not hungry.

You visited 1 branch of the dungeon, and saw 2 of its levels.

You collected 85 gold pieces.

Inventory:

Hand weapons
 a - a +2 shortbow
 m - a +0 dagger (weapon)
Missiles
 d - 5 arrows
 e - 26 stones (quivered)
Armour
 b - a +0 ring mail (worn)
Scrolls
 c - 2 scrolls of teleportation
 i - a scroll of enchant armour {unknown}
 l - a scroll of identify {unknown}
 n - a scroll of blinking {unknown}
Comestibles
 f - a bread ration
 h - 3 fruits


   Skills:
 * Level 4.4 Fighting
 - Level 1.0 Bows
 * Level 3.2 Armour
 * Level 0.6 Dodging
   Level 1.0 Shields
   Level 1.0 Evocations


You had 2 spell levels left.
You didn't know any spells.

Dungeon Overview and Level Annotations

Branches:
Dungeon (2/15)

Altars:
Cheibriados


Innate Abilities, Weirdness & Mutations

You have a pair of small horns on your head.
When hurt, damage is shared between your health and your magic reserves.


Message History

Drink which item? (? for menu, Esc to quit)
It was a potion of haste.
You feel yourself speed up. The gnoll hits you but does no damage.
The gnoll barely misses you. The gnoll barely misses you.
You catch the helpless gnoll completely off-guard!
You hit the gnoll.
The gnoll is heavily wounded.
The gnoll hits you from afar with a spear.
The goblin zaps a wand.
You feel as though you will be slow longer.
You completely miss the gnoll.
The gnoll is heavily wounded.
The gnoll misses you. The gnoll closely misses you.
You hit the gnoll.
The gnoll is severely wounded.
The gnoll misses you. The orc hits you with a whip. The gnoll hits you!
* * * LOW HITPOINT WARNING * * *
You completely miss the orc.
The gnoll hits you from afar with a spear!
You die...

.####.....### # .
#.....# ###....##
###.....##
#...##..#
########..# ##
#... ##...# ###.#
#...g#..#.# ..#.#
#._.go@##.# #...
#....#g...####..#
# #..?
####....#..# .#
###
#.##..<.####..#
#(###...##...#
###.#####....###
#.....##.....#
#.....##..##.....
#.....รท....####..


You could see 2 gnolls, an orc and a goblin.

Vanquished Creatures
  2 giant geckos
  An ooze (D:1)
  3 giant cockroaches (D:1)
  5 hobgoblins (D:1)
  4 bats
  A giant newt (D:1)
  8 goblins (D:1)
  2 kobolds (D:1)
  2 rats (D:1)
28 creatures vanquished.

Notes
Turn   | Place    | Note
--------------------------------------------------------------
     0 | D:1      | Chiseanne, the Demonspawn Wanderer, began the quest for the Orb.
     0 | D:1      | Chiseanne set off with: a +2 shortbow, a +0 ring mail, a scroll of teleportation, 22 arrows, a bread ration
     0 | D:1      | Reached XP level 1. HP: 19/19 MP: 1/1
   323 | D:1      | Gained mutation: When hurt, damage is shared between your health and your magic reserves. [demonic ancestry]
   323 | D:1      | Reached XP level 2. HP: 25/25 MP: 2/2
   990 | D:1      | Gained mutation: You have a pair of small horns on your head. [demonic ancestry]
   990 | D:1      | Reached XP level 3. HP: 31/31 MP: 3/3
  1201 | D:2      | Found a snail-covered altar of Cheibriados.
  1216 | D:2      | Slain by a gnoll

Action                   || total
-------------------------++-------
Melee: Dagger            ||    16
 Fire: Shortbow          ||    77
Throw: Stone             ||     3
  Use: Potion            ||     4
 Stab: Invisible         ||     1
  Eat: Chunk             ||     1
